 Dungeon Crawl Stone Soup version 0.30-a0-279-g4b46babb21 (webtiles) character file.

Game seed: 15413222969593714295

28 hikkokomori the Trooper (level 3, 0/23 HPs)
             Began as a Tengu Berserker on Oct 16, 2022.
             Was a Follower of Trog.
             Succumbed to an adder's poison
             ... on level 2 of the Dungeon.
             The game lasted 00:01:35 (657 turns).

hikkokomori the Trooper (Tengu Berserker)            Turns: 657, Time: 00:01:35

Health: 0/23       AC:  3    Str: 17    XL:     3   Next: 12%
Magic:  4/4        EV: 13    Int:  7    God:    Trog [*.....]
Gold:   123        SH:  0    Dex: 15    Spells: 2/2 levels left

rFire   . . .      SeeInvis .    j - +2 long sword (vorpal)
rCold   . . .      Faith    .    (no shield)
rNeg    . . .      Spirit   .    b - +0 animal skin
rPois   .          Reflect  .    (helmet restricted)
rElec   .          Harm     .    (no cloak)
rCorr   .          Rampage  .    e - +0 pair of gloves
Will    .....                    (boots unavailable)
Stlth   ++........               (no amulet)
HPRegen 0.23/turn                (no ring)
MPRegen 0.09/turn                (no ring)

@: lethally poisoned (0 -> -8)
A: beak, talons 3
a: Renounce Religion, Berserk


You were on level 2 of the Dungeon.
You worshipped Trog.
Trog was aware of your devotion.
You visited 1 branch of the dungeon, and saw 2 of its levels.

You collected 123 gold pieces.

Inventory:

Hand Weapons
 a - a +0 short sword
 j - a +2 vorpal long sword (weapon)
Armour
 b - a +0 animal skin (worn)
 e - a +0 pair of gloves (worn)
Scrolls
 d - 3 scrolls of enchant weapon {unknown}
 f - 2 scrolls of identify {unknown}
 i - a scroll of noise {unknown}
Potions
 c - a potion of attraction {unknown}
 g - a potion of might {unknown}
 h - 2 potions of curing {unknown}
 k - a potion of invisibility {unknown}


   Skills:
 + Level 3.3 Fighting
 - Level 3.2(3.3) Short Blades
 + Level 0.2(2.0) Long Blades
 + Level 2.6 Armour
 + Level 2.7 Dodging
 + Level 1.1 Stealth


You had 2 spell levels left.
You didn't know any spells.
Your spell library was empty.

Dungeon Overview and Level Annotations

Branches:
Dungeon (2/15)

Altars:


Innate Abilities, Weirdness & Mutations

You have a beak for a mouth.
You have claws for feet.


Message History

Unknown command.
You closely miss the adder.
The adder hisses angrily.
You claw the adder, but do no damage. The adder bites you. x2
You are poisoned.
The adder poisons you!
You miss the adder. Your kick misses the adder.
You feel sick. The adder bites you. x2
You are more poisoned.
The adder poisons you!
You closely miss the adder. Your kick misses the adder.
You peck the adder, but do no damage.
You feel very sick. The adder barely misses you.
You are too injured to fight recklessly!
You are too injured to fight recklessly!
You are too injured to fight recklessly!
You are too injured to fight recklessly!
You are too injured to fight recklessly!
You are too injured to fight recklessly!
You are too injured to fight recklessly!
An adder is nearby!
You are too injured to fight recklessly!
Unknown command.
You fail to use your ability.
You feel sick. The adder bites you.
You are lethally poisoned!
The adder poisons you! The adder bites you but does no damage.
You closely miss the adder. Your peck misses the adder.
* * * LOW HITPOINT WARNING * * *
You feel very sick. The adder barely misses you.
You miss the adder.
* * * LOW HITPOINT WARNING * * *
You feel sick. The adder closely misses you. The adder bites you.
* * * LOW HITPOINT WARNING * * *
You are more poisoned.
The adder poisons you!
You slash the adder! You peck the adder.
The adder is almost dead.
You die...

#.# #.#.# #.# #.# #.#.#
#.# ##.## #.#.#
##...#### #.#.# .......#
#.#.# ### ... #.# #.#.#
##... #.# #.# #.#.#
#.>...###.###.####.#.###
#...(.S@...)............
#.....##.########.######
..... #.# #.# ..#. #.#
#.# . # ... #.# .#. #.#
.. .. #.# ## ## ..#


You could see an adder.

Vanquished Creatures
  5 ball pythons
  A hobgoblin (D:1)
  8 kobolds
  3 quokkas (D:1)
  3 bats
  2 frilled lizards (D:1)
  A goblin (D:1)
  3 rats (D:1)
26 creatures vanquished.

Notes
Turn   | Place    | Note
-------+----------+-------------------------------------------
     0 | D:1      | hikkokomori the Tengu Berserker began the quest for the
                  | Orb.
     0 | D:1      | Reached XP level 1. HP: 14/14 MP: 2/2
   148 | D:1      | Reached XP level 2. HP: 17/19 MP: 3/3
   354 | D:1      | Reached skill level 1 in Stealth
   541 | D:2      | Reached XP level 3. HP: 23/23 MP: 4/4
   657 | D:2      | Succumbed to an adder's poison

Illustrated notes

Levels and vault maps discovered:
D:1:      lightli_arrival_isolated_outpost, layout_rooms
D:2:      layout_loops_ring, uniq_sigmund

Skill      XL: |  1  2 |
---------------+-------+-----
Stealth        | 1 |  1.1
Fighting       | |  3.3
Short Blades   | |  3.2
Long Blades    | |  0.2
Armour         | |  2.6
Dodging        | |  2.7

Action                   || total
-------------------------++-------
Melee: Short sword       ||    42
       Kick              ||    13
       Peck              ||     7
       Long sword        ||    22
 Stab: Sleeping          ||     1
Armor: Animal skin       ||    15
Dodge: Dodged            ||    46

Table legend: (Time is in decaauts)
 A = Elapsed time spent in this place.
 B = Non-inter-level travel time spent in this place.
 C = Inter-level travel time spent in this place.
 D = Time resting spent in this place.
 E = Time spent auto-exploring this place.
 F = Levels seen in this place.
 G = Mean time per level.
                   A        B        C        D        E       F      G
               +--------+--------+--------+--------+--------+-----+--------+
         Total |    659 |    644 |     15 |      0 |    457 |   2 |  329.5 |
       Dungeon |    659 |    644 |     15 |      0 |    457 |   2 |  329.5 |
               +--------+--------+--------+--------+--------+-----+--------+

Top non-repeatable levels by time:
     D:1: 442 daAuts
     D:2: 216 daAuts
